 Dungeon Crawl Stone Soup version 0.22.1-1-ga44c0e56f4 (webtiles) character file.

74 Launchbay the Digger (level 3, -3/26 HPs)
             Began as a Demigod Earth Elementalist on Oct 3, 2018.
             Killed by nerve-wracking pain
             ... invoked by an orc priest
              (12 damage)
             ... on level 2 of the Dungeon.
             The game lasted 00:06:57 (1057 turns).

Launchbay the Digger (Demigod Earth Elementalist)   Turns: 1057, Time: 00:06:58

Health: -3/26      AC:  2    Str: 11    XL:     3   Next: 86%
Magic:  5/10       EV: 13    Int: 21    God:
Gold:   23         SH:  0    Dex: 16    Spells: 7/8 levels left

rFire    . . .     SeeInvis .   e - +0 dagger
rCold    . . .     Gourm    .   (no shield)
rNeg     . . .     Faith    .   c - +0 robe
rPois    .         Spirit   .   (no helmet)
rElec    .         Reflect  .   (no cloak)
rCorr    .         Harm     .   (no gloves)
MR       .....                  (no boots)
Stlth    ++........             (no amulet)
HPRegen  0.08/turn              (no ring)
MPRegen  0.12/turn              (no ring)

@: no status effects
A: high mp 1
a: no special abilities


You were on level 2 of the Dungeon.
You were hungry.

You visited 1 branch of the dungeon, and saw 2 of its levels.

You collected 23 gold pieces.

Inventory:

Hand Weapons
 e - a +0 dagger (weapon)
 i - a +0 short sword
Missiles
 a - 32 bolts
 b - 13 stones (quivered)
Armour
 c - a +0 robe (worn)
 h - a +0 leather armour
Scrolls
 g - a scroll of fog {unknown}
 j - a scroll of immolation {unknown}
 l - 3 scrolls of amnesia {unknown}
 n - a scroll of identify {unknown}
 o - a scroll of enchant weapon {unknown}
Potions
 f - a potion of heal wounds {unknown}
 k - a potion of curing {unknown}
 m - a potion of agility {unknown}
Comestibles
 d - 5 rations
 p - a chunk of flesh


   Skills:
 + Level 2.0 Dodging
 + Level 2.0 Stealth
 + Level 3.0 Spellcasting
   Level 0.8 Transmutations
 + Level 3.3 Earth Magic


You had 7 spell levels left.
You knew the following spells:

 Your Spells              Type           Power        Failure   Level  Hunger
a - Sandblast             Erth           ###...       3%          1    None

Your spell library contained the following spells:

 Spells                   Type           Power        Failure   Level  Hunger
 Passwall                 Tmut/Erth      ##......     9%          2    ##.....
 Stone Arrow              Conj/Erth      ##....       21%         3    ###....
 Petrify                  Tmut/Erth      ##......     50%         4    ####...
 Lee's Rapid Deconstruct  Erth           ###.......   67%         5    ######.


Dungeon Overview and Level Annotations

Branches:
Dungeon (2/15)


Innate Abilities, Weirdness & Mutations

You have an increased reservoir of magic. (+10% MP)


Message History

Aiming: Sandblast (safe; 3% risk of failure)
Press: ? - help, Shift-Dir - straight line, f/p - orc priest
Aim: an orc priest, wielding a hand axe (heavily wounded)
The blast of sand hits the orc priest.
You kill the orc priest!
Your Spellcasting skill increases to level 3!
b - 14 stones
Things that are here:
a dagger; a kobold corpse
Casting: Sandblast (safe; 3% risk of failure)
Confirm with . or Enter, or press ? or * to list all spells.
Aiming: Sandblast (safe; 3% risk of failure)
Press: ? - help, Shift-Dir - straight line, f - orc priest
Aim: an orc priest The blast of sand hits the orc priest.
The orc priest is heavily wounded.
b - 13 stones The orc priest mumbles some strange prayers to Beogh against you.
Pain shoots through your body!
You die...

##...##.# .##
......... ..
#......# .#
###.....##.#
......o.o..#
#.......#o.#
#.......#o.#
#.......#..#
#.......#@##
#.......#.#
#.......#.#
#...o.o.#.#
##.....##.# ##
#$o$ ##.#
....#######.(#
#.........##
#####.#####


You could see 2 orc priests and an orc.

Vanquished Creatures
  An orc priest (D:2)
  2 worms (D:2)
  2 dart slugs (D:1)
  7 bats
  7 goblins
  3 hobgoblins
  8 kobolds
  A frilled lizard (D:1)
  6 rats
37 creatures vanquished.

Notes
Turn   | Place    | Note
-------+----------+-------------------------------------------
     0 | D:1      | Launchbay the Demigod Earth Elementalist began the quest
                  | for the Orb.
     0 | D:1      | Reached XP level 1. HP: 14/14 MP: 5/5
   138 | D:1      | Reached XP level 2. HP: 19/20 MP: 4/7
   699 | D:1      | Reached XP level 3. HP: 26/26 MP: 5/9
   857 | D:2      | Found an iron altar of Okawaru.
  1057 | D:2      | Killed from afar by an orc priest

Skill      XL: |  1  2  3 |
---------------+----------+-----
Spellcasting   | 2 3 |  3.0
Dodging        | 2 |  2.0
Earth Magic    | 3 |  3.3
Stealth        | 2 |  2.0
Transmutations | |  0.8

Action                   || total
-------------------------++-------
Melee: Dagger            ||     7
 Cast: Sandblast         ||    48
Armor: Robe              ||     4
Dodge: Dodged            ||    18
